 Dungeon Crawl Stone Soup version 0.30-a0-476-g330ca2eb8e (webtiles) character file.

Game seed: 127642090546934654

177 CrazyBamboolord the Cudgeller (level 6, -1/78 HPs)
             Began as a Meteoran Fighter on Dec 21, 2022.
             Slain by Edmund
             ... wielding a +3 flail
              (6 damage)
             ... on level 4 of the Dungeon.
             The game lasted 00:09:29 (1819 turns).

CrazyBamboolord the Cudgeller (Meteoran Fighter)    Turns: 1819, Time: 00:09:30

Health: -1/78      AC:  9    Str: 19    XL:     6   Next: 12%
Magic:  7/7        EV:  8    Int: 11    God:
Gold:   135        SH:  9    Dex: 13    Spells: 5/5 levels left

rFire   . . .      SeeInvis .    a - +0 flail
rCold   . . .      Faith    .    n - +0 kite shield
rNeg    . . .      Spirit   .    b - +0 scale mail
rPois   .          Reflect  .    (no helmet)
rElec   .          Harm     .    (no cloak)
rCorr   .          Rampage  .    i - +0 pair of gloves
Will    .....                    f - +0 pair of boots
Stlth   ..........               (no amulet)
HPRegen 1.13/turn                o - ring of flight
MPRegen 0.10/turn                (no ring)

@: mighty, berserking, flying, glowing, very quick
A: sense surroundings 1, otherworldly, glowing, explore regen, regeneration 1
a: no special abilities


You were on level 4 of the Dungeon.
You visited 1 branch of the dungeon, and saw 4 of its levels.

You collected 158 gold pieces.
You spent 23 gold pieces at shops.

Inventory:

Hand Weapons
 a - a +0 flail (weapon)
Armour
 b - a +0 scale mail (worn)
 c - a +0 buckler
 f - a +0 pair of boots (worn)
 i - a +0 pair of gloves (worn)
 n - a +0 kite shield (worn)
Jewellery
 o - a ring of flight (left hand)
Scrolls
 e - 2 scrolls of vulnerability
 g - a scroll of blinking {unknown}
 j - a scroll of magic mapping {unknown}
 l - a scroll of poison {unknown}
Potions
 d - a potion of might
 m - a potion of mutation


   Skills:
 * Level 3.9 Fighting
 * Level 5.2 Maces & Flails
 * Level 4.8 Armour
 * Level 4.5 Shields


You had 5 spell levels left.
You didn't know any spells.
Your spell library contained the following spells:

 Spells                   Type           Power      Damage    Failure   Level
 Sandblast                Erth           0%         2d4       96%         1
 Passwall                 Tmut/Erth      0%         N/A       99%         2
 Stone Arrow              Conj/Erth      0%         3d7       100%        3


Dungeon Overview and Level Annotations

Branches:
Dungeon (4/15) Zot: 531
 Temple: D:4-7

Altars:

Shops:
D:1 [:(*=

Annotations:
D:4 Blork the orc, Edmund


Innate Abilities, Weirdness & Mutations

You passively map a small area around you.
You are easily found by Zot.
You glow in the dark.
You regain HP and MP as you explore.
Your natural rate of healing is unusually fast.


Message History

You begin to heal more quickly.
Blork the orc hits you from afar with a +0 trident!
Blork the orc hits you with a +0 trident!
Blork the orc points at you and mumbles some strange words.
You block the puff of flame.
Edmund zaps a wand.
You block the puff of flame.
Blork the orc hits you from afar with a +0 trident.
Blork the orc hits you with a +0 trident!
Blork the orc casts a cantrip, but nothing happens.
Edmund hits you with a +3 flail!
* * * LOW HITPOINT WARNING * * *
Blork the orc barely misses you.
Edmund zaps a wand.
The puff of flame hits you!
* * * LOW HITPOINT WARNING * * *
You feel better. You block Blork the orc's attack. x2
It was a potion of berserk rage.
A red film seems to cover your vision as you go berserk!
You feel yourself moving faster!
You feel mighty! You block Blork the orc's attack.
Edmund zaps a wand.
The puff of flame hits you!
* * * LOW HITPOINT WARNING * * *
You hit Edmund.
Edmund is moderately wounded.
Blork the orc hits you but does no damage.
Edmund hits you with a +3 flail.
* * * LOW HITPOINT WARNING * * *
Blork the orc barely misses you.
You closely miss Edmund.
Edmund is moderately wounded.
Blork the orc looks satisfied for a moment.
You closely miss Edmund.
Edmund is moderately wounded.
Edmund zaps a wand.
The puff of flame hits you!
* * * LOW HITPOINT WARNING * * *
Blork the orc hits you from afar with a +0 trident.
* * * LOW HITPOINT WARNING * * *
You hit Edmund.
Edmund is moderately wounded.
Blork the orc hits you but does no damage.
Edmund hits you with a +3 flail.
You die...

#.#.#.#.#.#.#.### **
#######.#.#.......#.#
#
#.........#.#.#.#...#
# .#####>..#.......###
,#####...#.#.#.#.#
,#.......#.....†.#####
,#.####..######.......
* #.####o.# #.######
#...@@..# #.# #
######|.# #.# ,* #..#
#.# #..# #.# #..# #.#
** #..# #.# , ,...#
#.# * * #..# #.######
#..# #.......


You could see Edmund and Blork the orc (fast).

Vanquished Creatures
  An ice beast (D:3)
  A gnoll (D:1)
  A dart slug (D:2)
  5 orcs (D:2)
  7 ball pythons
  4 bats
  8 endoplasms
  4 giant cockroaches
  5 goblins
  2 hobgoblins
  5 jackals
  4 kobolds (D:1)
  6 quokkas
  A frilled lizard (D:1)
  7 rats
61 creatures vanquished.

Vanquished Creatures (others)
  A plant (D:2)
1 creature vanquished.

Grand Total: 62 creatures vanquished

Notes
Turn   | Place    | Note
-------+----------+-------------------------------------------
     0 | D:1      | CrazyBamboolord the Meteoran Fighter began the quest for
                  | the Orb.
     0 | D:1      | Reached XP level 1. HP: 19/19 MP: 2/2
    31 | D:1      | Found Deetrata's Armour Shop.
    50 | D:1      | Reached XP level 2. HP: 20/26 MP: 3/3
   106 | D:1      | Found Feor's Book Shoppe.
   120 | D:1      | Found Kapu's Assorted Antiques.
   159 | D:1      | Reached skill level 3 in Maces & Flails
   199 | D:1      | Reached XP level 3. HP: 19/31 MP: 4/4
   215 | D:1      | Found Vuvoran Jehi's Antique Weapon Shop.
   243 | D:1      | Bought a fuming yellow potion for 23 gold pieces
   451 | D:1      | Found Famp's Jewellery Shop.
   472 | D:1      | Reached XP level 4. HP: 36/40 MP: 5/5
   473 | D:1      | Glimpsed the power of Zot.
   522 | D:1      | Glimpsed the power of Zot.
   679 | D:2      | Reached skill level 4 in Maces & Flails
   775 | D:2      | Found a faded altar of an unknown god.
  1046 | D:3      | Noticed an ice beast
  1056 | D:3      | Killed an ice beast
  1057 | D:3      | Reached skill level 5 in Maces & Flails
  1057 | D:3      | Reached XP level 5. HP: 34/46 MP: 6/6
  1057 | D:3      | Reached XP level 6. HP: 38/52 MP: 7/7
  1655 | D:3      | Glimpsed the power of Zot.
  1780 | D:4      | Noticed Edmund
  1783 | D:4      | Noticed Blork the orc
  1809 | D:4      | Gained mutation: Your natural rate of healing is unusually
                  | fast. [potion of mutation]
  1819 | D:4      | Slain by Edmund

Illustrated notes

Levels and vault maps discovered:
D:1:      saegor_arrival_under_anarchy, layout_rooms, serial_shops, shop, shop,
          shop, nicolae_shop_temple_entry_statues_fountains,
          nicolae_shop_window_shopping, nicolae_figureground_pulse
D:2:      layout_basic, dilly_ecumenical_altar_fadedgnrine
D:3:      layout_basic, corexii_hall_statues_x
D:4:      layout_loops_ring, serial_glass, glass_columns_a, glass_columns_b,
          item_on_display_b, uniq_edmund, uniq_blork_the_orc

Skill      XL: |  1  2  3  4 |
---------------+-------------+-----
Maces & Flails | 3 5 |  5.2
Shields        | 4 |  4.5
Armour         | 4 |  4.8
Fighting       | |  3.9

Action                   |  1- 3 |  4- 6 || total
-------------------------+-------+-------++-------
Melee: Flail             |    85 |   100 ||   185
  Use: Scroll            |     1 |     1 ||     2
       Potion            |     1 |     5 ||     6
Armor: Scale mail        |    86 |    63 ||   149
Dodge: Dodged            |    51 |    35 ||    86
Block: Buckler           |    38 |    28 ||    66
       Kite shield       |       |    15 ||    15

Table legend: (Time is in decaauts)
 A = Elapsed time spent in this place.
 B = Non-inter-level travel time spent in this place.
 C = Inter-level travel time spent in this place.
 D = Time resting spent in this place.
 E = Time spent auto-exploring this place.
 F = Levels seen in this place.
 G = Mean time per level.
                   A        B        C        D        E       F      G
               +--------+--------+--------+--------+--------+-----+--------+
         Total |   1867 |   1728 |    139 |    300 |      0 |   4 |  466.8 |
       Dungeon |   1867 |   1728 |    139 |    300 |      0 |   4 |  466.8 |
               +--------+--------+--------+--------+--------+-----+--------+

Top non-repeatable levels by time:
     D:3: 724 daAuts
     D:1: 559 daAuts
     D:2: 455 daAuts
     D:4: 127 daAuts
